 Dungeon Crawl Stone Soup version 0.29.1-4-g47bece8355 (webtiles) character file.

Game seed: 7486365327866772211

3374 nshep25 the Destroyer (level 9, -2/64 HPs)
             Began as a Demigod Conjurer on Dec 8, 2022.
             Slain by an unseen horror (8 damage)
             ... on level 8 of the Dungeon.
             The game lasted 00:32:17 (7118 turns).

nshep25 the Destroyer (Demigod Conjurer)            Turns: 7118, Time: 00:32:18

Health: -2/64      AC:  7    Str: 12    XL:     9   Next: 45%
Magic:  4/33       EV: 12    Int: 28    God:
Gold:   217        SH:  0    Dex: 12    Spells: 7/23 levels left

rFire   . . .      SeeInvis .   o - +1 quarterstaff
rCold   x . .      Faith    .   (shield currently unavailable)
rNeg    + . .      Spirit   .   s - +2 robe "Liph" {rC- rN+ Regen+}
rPois   +          Reflect  .   (no helmet)
rElec   .          Harm     .   (no cloak)
rCorr   .          Rampage  .   g - +0 pair of gloves
Will    .....                   A - +1 pair of boots
Stlth   ++........              B - amulet of magic regeneration
HPRegen 1.00/turn               d - ring of poison resistance
MPRegen 0.63/turn               y - ring of magical power

@: about to teleport, very slightly contaminated
A: high MP 1, forlorn, divine attributes
a: no special abilities


You were on level 8 of the Dungeon.
You visited 2 branches of the dungeon, and saw 9 of its levels.
You also visited: Sewer.

You collected 393 gold pieces.
You spent 176 gold pieces at shops.

Inventory:

Hand Weapons
 m - a +2 dagger of speed
 o - a +1 quarterstaff (weapon)
Missiles
 r - 6 atropa-tipped darts
Armour
 a - a +0 robe
 g - a +0 pair of gloves (worn)
 i - a +0 leather armour
 s - the +2 robe "Liph" (worn) {rC- rN+ Regen+}
   (You bought it in a shop on level 2 of the Dungeon)

   rC:        It makes you vulnerable to cold.
   rN:        It protects you from negative energy.
   Regen:     It increases your rate of health regeneration.
 A - a +1 pair of boots (worn)
Magical Staves
 x - a staff of earth
 z - a staff of death
Jewellery
 d - a ring of poison resistance (left hand)
 j - an amulet of regeneration
 y - a ring of magical power (right hand)
 B - an amulet of magic regeneration (around neck)
Wands
 f - a wand of paralysis (5)
 l - a wand of digging (4)
 p - a wand of iceblast (4)
 q - a wand of flame (54)
 D - a wand of polymorph (8)
Scrolls
 k - 3 scrolls of enchant weapon
 n - 8 scrolls of identify
 t - 3 scrolls of teleportation
 u - a scroll of poison
 w - a scroll of amnesia {unknown}
 F - 2 scrolls of noise {unknown}
 G - 2 scrolls of blinking {unknown}
 H - a scroll of magic mapping {unknown}
Potions
 b - a potion of magic
 c - a potion of resistance
 h - 2 potions of mutation {unknown}
 v - a potion of might {unknown}
 C - a potion of attraction
 E - a potion of berserk rage {unknown}
 I - a potion of lignification {unknown}


   Skills:
 + Level 1.3 Fighting
 + Level 1.2 Staves
 + Level 3.1 Dodging
 + Level 3.0 Stealth
 * Level 7.8 Spellcasting
 * Level 8.2 Conjurations
 + Level 1.2 Hexes
 + Level 0.6 Translocations
 * Level 4.0 Evocations


You had 7 spell levels left.
You knew the following spells:

 Your Spells              Type           Power      Damage    Failure   Level
a - Magic Dart            Conj           100%       1d8       1%          1
b - Searing Ray           Conj           100%       2d8       1%          2
c - Iskenderun's Mystic   Conj/Tloc      35%        2d8       9%          4
d - Fulminant Prism       Conj/Hex       18%        3d11      8%          4
e - Vampiric Draining     Necr           10%        2d6       16%         3
f - Sublimation of Blood  Necr           10%        N/A       8%          2

Your spell library contained the following spells:

 Spells                   Type           Power      Damage    Failure   Level
 Shock                    Conj/Air       100%       1d9       1%          1
 Dazzling Flash           Conj/Hex       74%        N/A       2%          3
 Slow                     Hex            68%        N/A       3%          1
 Ensorcelled Hibernation  Hex/Ice        28%        N/A       6%          2
 Wereblood                Tmut           10%        N/A       8%          2
 Confusing Touch          Hex            17%        N/A       10%         3
 Ozocubu's Armour         Ice            10%        N/A       16%         3
 Spider Form              Tmut/Pois      10%        N/A       16%         3
 Swiftness                Air            10%        N/A       16%         3
 Anguish                  Hex/Necr       7%         N/A       36%         4
 Airstrike                Air            5%         2d(1-17)  45%         4
 Ozocubu's Refrigeration  Ice            5%         4d8       100%        7
 Summon Hydra             Summ           5%         N/A       100%        7


Dungeon Overview and Level Annotations

Branches:
Dungeon (8/15)             Temple (1/1) D:5           Sewer (visited)
   Lair: D:8-11

Shops:
D:1 [   D:2 [   D:3 (


Innate Abilities, Weirdness & Mutations

You have an increased reservoir of magic. (+10% MP)
You shall have no god before yourself.
Your divine heritage dramatically boosts your attributes as you level up.


Message History

Something hits you but does no damage.
Casting: Iskenderun's Mystic Blast (dangerous; 9% risk of failure)
Confirm with . or Enter, or press ? or * to list all spells.
You erupt in a blast of force!
The mystic blast hits something.
Something hits you but does no damage. Something hits you!
Something hits you but does no damage.
Things that are here:
a +0 dagger; a +0 leather armour Something hits you!
* * * LOW HITPOINT WARNING * * *
Something hits you.
* * * LOW HITPOINT WARNING * * *
Something hits you but does no damage.
There is an open door, spattered with blood here.
Things that are here:
a +0 morningstar; a +0 scale mail; an orc corpse
Casting: Iskenderun's Mystic Blast (dangerous; 9% risk of failure)
Confirm with . or Enter, or press ? or * to list all spells.
You erupt in a blast of force!
The mystic blast hits something!
Casting: Iskenderun's Mystic Blast (dangerous; 9% risk of failure)
Confirm with . or Enter, or press ? or * to list all spells.
You miscast Iskenderun's Mystic Blast.
Nothing appears to happen.
Something hits you.
* * * LOW HITPOINT WARNING * * *
You feel better. Something hits you.
* * * LOW HITPOINT WARNING * * *
Something hits you.
* * * LOW HITPOINT WARNING * * *
You feel better. Something hits you but does no damage. Something hits you!
* * * LOW HITPOINT WARNING * * *
As you read the scroll of teleportation, it crumbles to dust.
You feel strangely unstable. Something hits you.
* * * LOW HITPOINT WARNING * * *
You feel better. Something hits you.
* * * LOW HITPOINT WARNING * * *
You closely miss something. Something hits you but does no damage.
Something hits you!
* * * LOW HITPOINT WARNING * * *
Something hits you!
You die...

#.........
#!........
#.....)...
#.........
+.))......
#.)).....# ..
#)..)....+ ...
#){......#
....####@########
....'.......#
...##......#
#......# #......#
#.#'#### #.#)#
#.#)# #.#†#


There were no monsters in sight!

Vanquished Creatures
  Pikel (D:7)
  Prince Ribbit (D:5)
  Eustachio (D:4)
  Menkaure (D:6)
  A sky beast (D:7)
  2 black bears
  An ogre (D:6)
  A centaur (D:8)
  3 kobold brigands
  2 lemures (D:7)
  2 phantoms (D:5)
  3 bullfrogs
  4 scorpions
  9 wights (D:7)
  A jelly (D:7)
  5 killer bees (D:8)
  2 hounds (D:5)
  An orc priest (D:5)
  Jessica (D:2)
  4 iguanas
  An orc wizard (D:4)
  Robin (D:2)
  3 gnolls (D:8)
  12 adders
  A river rat (D:5)
  A white imp (D:6)
  8 worms
  2 dart slugs
  19 orcs
  6 bats
  3 endoplasms
  4 giant cockroaches
  14 hobgoblins
  4 jackals (D:3)
  14 kobolds
  7 quokkas
  15 ball pythons
  9 frilled lizards
  11 goblins
  7 rats
188 creatures vanquished.

Vanquished Creatures (others)
  10 fulminant prisms
  39 plants (D:4)
49 creatures vanquished.

Grand Total: 237 creatures vanquished

Notes
Turn   | Place    | Note
-------+----------+-------------------------------------------
     0 | D:1      | nshep25 the Demigod Conjurer began the quest for the Orb.
     0 | D:1      | Reached XP level 1. HP: 14/14 MP: 5/5
     3 | D:1      | Noticed an electric eel
     4 | D:1      | Noticed an electric eel
   532 | D:1      | Reached skill level 4 in Conjurations
   719 | D:1      | Found Tuxiut's Antique Armour Shop.
   733 | D:1      | Reached XP level 2. HP: 20/20 MP: 2/7
   736 | D:1      | Learned a level 2 spell: Searing Ray
   980 | D:2      | Noticed Jessica
  1050 | D:2      | Killed Jessica
  1051 | D:2      | Reached XP level 3. HP: 26/26 MP: 1/8
  1159 | D:2      | Noticed Robin
  1185 | D:2      | Killed Robin
  1307 | D:2      | Reached XP level 4. HP: 33/33 MP: 5/10
  1545 | D:2      | Found Imea's Antique Armour Boutique.
  2108 | D:3      | Reached skill level 5 in Conjurations
  2302 | D:3      | Learned a level 4 spell: Iskenderun's Mystic Blast
  2453 | D:3      | Found Gocyceasm's Antique Weapon Shoppe.
  2846 | D:2      | Bought a crude robe for 176 gold pieces
  2846 | D:2      | Identified the +2 robe "Liph" {rC- rN+ Regen+} (You bought
                  | it in a shop on level 2 of the Dungeon)
  2952 | D:4      | Noticed Eustachio
  2968 | D:4      | Killed Eustachio
  2969 | D:4      | Reached skill level 1 in Evocations
  2969 | D:4      | Reached XP level 5. HP: 31/38 MP: 2/12
  3275 | D:4      | Reached XP level 6. HP: 45/45 MP: 8/13
  3396 | D:4      | Learned a level 4 spell: Fulminant Prism
  4015 | D:5      | Entered Level 5 of the Dungeon
  4190 | D:5      | Found a glowing drain.
  4194 | Sewer    | Entered a sewer
  4746 | D:5      | Reached skill level 6 in Conjurations
  4746 | D:5      | Reached XP level 7. HP: 51/51 MP: 16/16
  4951 | D:5      | Reached skill level 1 in Fighting
  4972 | D:5      | Found a staircase to the Ecumenical Temple.
  5001 | Temple   | Entered the Ecumenical Temple
  5292 | D:5      | Noticed Prince Ribbit
  5316 | D:5      | Killed Prince Ribbit
  5317 | D:5      | Reached skill level 5 in Spellcasting
  5317 | D:5      | Reached XP level 8. HP: 59/59 MP: 14/19
  5896 | D:6      | Noticed Menkaure
  5904 | D:6      | Killed Menkaure
  5905 | D:6      | Reached skill level 7 in Conjurations
  6354 | D:7      | Noticed Pikel
  6361 | D:7      | Killed Pikel
  6362 | D:7      | Reached skill level 1 in Staves
  6362 | D:7      | Reached skill level 1 in Hexes
  6362 | D:7      | Reached XP level 9. HP: 63/64 MP: 19/23
  6619 | D:7      | Identified the +5 shortbow of Noutock {flame, rCorr}
  6774 | D:7      | Reached skill level 8 in Conjurations
  7069 | D:8      | Learned a level 3 spell: Vampiric Draining
  7072 | D:8      | Learned a level 2 spell: Sublimation of Blood
  7118 | D:8      | Slain by an unseen horror

Illustrated notes

Levels and vault maps discovered:
D:1:      arrival_aquarium_b, layout_basic,
          shapermc_ecumenical_altar_mp_urbaneastern, serial_shops, shop,
          minmay_tetromino_t4
D:2:      minmay_razor_zed, layout_basic, serial_shops, shop_statue, uniq_robin,
          uniq_jessica
D:3:      layout_rooms, mainiacjoe_overflow_24_doors, zin_treasury,
          serial_shops, shop
D:4:      layout_loops_ring, serial_bayou_lagoon_a, uniq_eustachio
D:5:      layout_basic, nicolae_vehumet_altar_sigil, evilmike_ruin_ashenzari,
          minmay_temple_entry_arrows, gup_sewer_entry_spiral,
          nicolae_kite_square_tiling_tiny, minmay_crystal_room, kennysheep_nub,
          uniq_prince_ribbit1
D:6:      layout_basic, grunt_dithmenos_smoke_and_mirrors, serial_glass,
          glass_columns_a, glass_columns_a, uniq_menkaure
D:7:      layout_basic, kennysheep_mini_moat, uniq_pikel
D:8:      layout_basic, minmay_bent
Temple:   nicolae_temple_bog_church

Skill      XL: |  1  2  3  4  5  6  7  8  9 |
---------------+----------------------------+-----
Conjurations   | 4 5 6 7 8 |  8.2
Spellcasting   | 2 3 4 5 6 7 |  7.8
Dodging        | 2 3 |  3.1
Stealth        | 2 3 |  3.0
Evocations     | 1 2 3 4 |  4.0
Fighting       | 1 |  1.3
Staves         | 1 |  1.2
Hexes          | 1 |  1.2
Translocations | |  0.6

Action                   |  1- 3 |  4- 6 |  7- 9 || total
-------------------------+-------+-------+-------++-------
Melee: Dagger            |     3 |       |       ||     3
       Quarterstaff      |       |    22 |    11 ||    33
 Cast: Magic Dart        |    42 |   132 |   115 ||   289
       Searing Ray       |     6 |    23 |    21 ||    50
       Fulminant Prism   |       |     1 |     9 ||    10
       Iskenderun's Myst |       |     1 |    19 ||    20
  Use: Scroll            |       |    13 |     1 ||    14
       Potion            |       |       |     3 ||     3
Armor: Robe              |     9 |    16 |    24 ||    49
Dodge: Dodged            |    15 |    55 |    33 ||   103
